 Dungeon Sprint DCSS version 0.31-a0-940-gdaa99269f9 (webtiles) character file.

Game seed: 9658218488154488885

2200000 dialectric the Skullcrusher (level 20, -64/197 HPs)
             Began as a Formicid Gladiator on Oct 20, 2023.
             Was the Champion of Makhleb.
             Annihilated by a destroyer
             ... wielding a +9 heavy great sword
              (233 damage)
             ... in the Dungeon (Sprint VIII: "Arena of Blood").
             The game lasted 00:00:40 (22 turns).

dialectric the Skullcrusher (Formicid Gladiator)      Turns: 22, Time: 00:00:41

Health: -64/197    AC:  4    Str: 29    XL:     20   Next: 69%
Magic:  19/30      EV: 27    Int:  7    God:    Makhleb [******]
Gold:   0          SH:  0    Dex: 15    Spells: 33/33 levels left

rFire   . . .        h - +∞ Axe of Woe
rCold   . . .        (no shield)
rNeg    . . .        b - +0 leather armour
rPois   .            (helmet unavailable)
rElec   .            (no cloak)
rCorr   .            (no gloves)
SInv    +            (no boots)
Will    ++...        (no amulet)
Stlth   ++++         (no ring)
HPRegen 0.52/turn    (no ring)
MPRegen 0.22/turn

%: no passive effects
@: no status effects
A: permanent stasis, dig shafts and tunnels, antennae 3, four strong arms
a: Dig, Renounce Religion, Minor Destruction, Lesser Servant of Makhleb, Major
Destruction, Greater Servant of Makhleb


You were in the Dungeon.
You worshipped Makhleb.
Makhleb was exalted by your worship.
You visited 1 branch

Inventory:

Hand Weapons
 a - a +0 flail
 h - the +∞ Axe of Woe (weapon)
   (You found it in the Dungeon)
Missiles
 c - 3 throwing nets (quivered)
 d - a javelin
Armour
 b - a +0 leather armour (worn)
Potions
 e - a potion of curing
 f - a potion of heal wounds
 g - 2 potions of magic


   Skills:
 O Level 27 Fighting
 + Level 7.1(8.5) Short Blades
 + Level 7.1(8.5) Long Blades
 O Level 27 Axes
 O Level 27 Maces & Flails
 + Level 7.1(19.6) Polearms
 + Level 7.1(19.6) Staves
 + Level 7.1 Ranged Weapons
 O Level 27 Throwing
 + Level 7.8 Armour
 O Level 27 Dodging
 + Level 9.4 Stealth
 + Level 9.4 Shields
 + Level 7.1 Unarmed Combat
 + Level 7.1 Spellcasting
 + Level 6.5 Conjurations
 + Level 8.6 Hexes
 + Level 8.0 Summonings
 + Level 7.1 Necromancy
 + Level 6.5 Translocations
 + Level 7.8 Transmutations
 + Level 7.1 Fire Magic
 + Level 7.1 Ice Magic
 + Level 5.9 Air Magic
 + Level 8.6 Earth Magic
 + Level 9.4 Poison Magic
 + Level 9.6 Invocations
 + Level 8.8 Evocations
 + Level 8.0 Shapeshifting


You had 33 spell levels left.
You didn't know any spells.
Your spell library was empty.

Dungeon Overview and Level Annotations

Branches:
Dungeon (1/1)

Altars:
Makhleb


Innate Abilities, Weirdness & Mutations

You cannot be hasted, slowed, berserked, paralysed or teleported.
You can dig through walls and to a lower floor.
You have a pair of large antennae on your head. (SInv)
Your four strong arms can wield two-handed weapons with a shield.


Message History

The destroyer blinks!
Your base Short Blades skill gained 7 levels and is now at level 7!
Your base Long Blades skill gained 7 levels and is now at level 7!
Your base Polearms skill gained 7 levels and is now at level 7!
Your base Staves skill gained 7 levels and is now at level 7!
Your Ranged Weapons skill gained 7 levels and is now at level 7!
Your Armour skill gained 7 levels and is now at level 7!
Your Stealth skill gained 9 levels and is now at level 9!
Your Shields skill gained 9 levels and is now at level 9!
Your Unarmed Combat skill gained 7 levels and is now at level 7!
Your Spellcasting skill gained 7 levels and is now at level 7!
Your Conjurations skill gained 6 levels and is now at level 6!
Your Hexes skill gained 8 levels and is now at level 8!
Your Summonings skill gained 8 levels and is now at level 8!
Your Necromancy skill gained 7 levels and is now at level 7!
Your Translocations skill gained 6 levels and is now at level 6!
Your Transmutations skill gained 7 levels and is now at level 7!
Your Fire Magic skill gained 7 levels and is now at level 7!
Your Ice Magic skill gained 7 levels and is now at level 7!
Your Air Magic skill gained 5 levels and is now at level 5!
Your Earth Magic skill gained 8 levels and is now at level 8!
Your Poison Magic skill gained 9 levels and is now at level 9!
Your Invocations skill gained 9 levels and is now at level 9!
Your Evocations skill gained 8 levels and is now at level 8!
Your Shapeshifting skill gained 8 levels and is now at level 8!
You have reached level 20!
You feel stronger.
Unknown command.
A large bag of meat comes into view. It is wielding a +9 giant spiked club.
A bag of meat comes into view. It is wielding a +9 war axe.
A destroyer comes into view. It is wielding a +9 heavy great sword.
A bag of meat comes into view. It is wielding a +9 war axe. x3
The bag of meat hits you with a +9 war axe!!
A meat berserker comes into view. It is wielding a +9 battleaxe.
The meat berserker rages.
The destroyer casts a spell at you.
The destroyer blinks!
The destroyer hits you with a +9 heavy great sword!!!!!
Ouch! That really hurt!
You die...

o..# .........
###o..#.........
##.§....#.o...o..{...
.....o.o.............
..#........o.o..o....
...#...Oo.o.#.......#{
......#oo)§.#.......#
o..#.oo)Vo###.......###.
....o.o@.)))...###......
....V..#Oo)....._......
.....#.......#.....#.
###...o...oo.#_.<._#
...o#o......#o....#
O......#....O..._......
. o...o........###......
..V.O....###... ..###.
..... #... ..#{{


You could see 3 destroyers, 2 large bags of meat, 3 meat berserkers and 25 bags
of meat.

Vanquished Creatures
  12 ogres (D)
  16 orcs (D)
28 creatures vanquished.

Notes
Turn   | Place    | Note
-------+----------+-------------------------------------------
     0 | D        | Found the +∞ Axe of Woe
     0 | D        | dialectric the Formicid Gladiator began the quest for the
                  | Orb.
     0 | D        | Reached XP level 1. HP: 16/16 MP: 1/1
     1 | D        | Noticed a bag of meat
     4 | D        | Became a worshipper of Makhleb the Destroyer
     6 | D        | Noticed a bag of meat
     6 | D        | Noticed a bag of meat
     7 | D        | Noticed a meat berserker
     7 | D        | Noticed a bag of meat
     8 | D        | Noticed a bag of meat
     9 | D        | Noticed a meat berserker
     9 | D        | Noticed a meat berserker
     9 | D        | Noticed a bag of meat
    10 | D        | Killed a bag of meat
    10 | D        | Killed a bag of meat
    10 | D        | Reached * piety under Makhleb
    10 | D        | Noticed a bag of meat
    10 | D        | Noticed a bag of meat
    10 | D        | Noticed a bag of meat
    10 | D        | Noticed a bag of meat
    10 | D        | Noticed a bag of meat
    11 | D        | Reached XP level 2. HP: 38/38 MP: 2/2
    11 | D        | Reached XP level 3. HP: 44/44 MP: 3/3
    11 | D        | Reached XP level 4. HP: 51/51 MP: 4/4
    11 | D        | Reached XP level 5. HP: 57/57 MP: 5/5
    11 | D        | Reached XP level 6. HP: 64/64 MP: 6/6
    11 | D        | Reached XP level 7. HP: 69/69 MP: 7/7
    11 | D        | Reached XP level 8. HP: 76/76 MP: 8/8
    11 | D        | Reached XP level 9. HP: 82/82 MP: 9/9
    11 | D        | Reached XP level 10. HP: 89/89 MP: 10/10
    11 | D        | Reached XP level 11. HP: 95/95 MP: 11/11
    11 | D        | Reached XP level 12. HP: 102/102 MP: 12/12
    11 | D        | Noticed a meat berserker
    11 | D        | Noticed a bag of meat
    11 | D        | Noticed a bag of meat
    11 | D        | Noticed a bag of meat
    12 | D        | Killed a meat berserker
    12 | D        | Killed a meat berserker
    12 | D        | Killed a bag of meat
    12 | D        | Reached ** piety under Makhleb
    12 | D        | Killed a meat berserker
    12 | D        | Noticed a meat berserker
    12 | D        | Noticed a bag of meat
    12 | D        | Noticed a bag of meat
    13 | D        | Reached XP level 13. HP: 101/119 MP: 13/13
    13 | D        | Reached XP level 14. HP: 107/126 MP: 14/14
    13 | D        | Reached XP level 15. HP: 112/132 MP: 15/15
    13 | D        | Noticed a meat berserker
    13 | D        | Noticed a meat berserker
    13 | D        | Noticed a meat berserker
    14 | D        | Noticed a meat berserker
    14 | D        | Noticed a meat berserker
    14 | D        | Noticed a meat berserker
    14 | D        | Noticed a large bag of meat
    15 | D        | Killed a meat berserker
    15 | D        | Reached *** piety under Makhleb
    16 | D        | Reached XP level 16. HP: 144/144 MP: 16/16
    16 | D        | Noticed a meat berserker
    17 | D        | Noticed a meat berserker
    17 | D        | Reached **** piety under Makhleb
    17 | D        | Killed a meat berserker
    18 | D        | Reached skill level 27 in Maces & Flails
    18 | D        | Reached skill level 27 in Dodging
    18 | D        | Reached XP level 17. HP: 160/160 MP: 17/17
    18 | D        | Killed a meat berserker
    18 | D        | Reached ***** piety under Makhleb
    19 | D        | Reached XP level 18. HP: 173/173 MP: 18/18
    19 | D        | Noticed a destroyer
    19 | D        | Killed a meat berserker
    19 | D        | Killed a meat berserker
    19 | D        | Killed a meat berserker
    20 | D        | Reached skill level 27 in Fighting
    20 | D        | Reached skill level 27 in Axes
    20 | D        | Reached XP level 19. HP: 189/189 MP: 19/19
    20 | D        | Noticed a meat berserker
    20 | D        | Killed a meat berserker
    20 | D        | Killed a meat berserker
    20 | D        | Noticed a meat berserker
    20 | D        | Noticed a destroyer
    21 | D        | Reached skill level 27 in Throwing
    21 | D        | Reached ****** piety under Makhleb
    21 | D        | Killed a meat berserker
    22 | D        | Reached skill level 5 in Air Magic
    22 | D        | Reached XP level 20. HP: 197/197 MP: 19/30
    22 | D        | Noticed a large bag of meat
    22 | D        | Noticed a destroyer
    22 | D        | Noticed a meat berserker
    22 | D        | Annihilated by a destroyer

Illustrated notes

Levels and vault maps discovered:
D:        meatsprint

Skill      XL: |  1  2  3  4  5  6  7  8  9 10 11 12 13 14 15 16 17 18 19 |
---------------+----------------------------------------------------------+-----
Fighting       | 11 16 18 22 24 27 | 27.0
Axes           | 6 13 16 22 25 27 | 27.0
Maces & Flails | 18 24 26 27 | 27.0
Throwing       | 9 12 13 16 17 25 27 | 27.0
Dodging        | 16 22 24 27 | 27.0
Short Blades   | 7 |  7.1
Long Blades    | 7 |  7.1
Polearms       | 7 |  7.1
Staves         | 7 |  7.1
Ranged Weapons | 7 |  7.1
Armour         | 7 |  7.8
Stealth        | 9 |  9.4
Shields        | 9 |  9.4
Unarmed Combat | 7 |  7.1
Spellcasting   | 7 |  7.1
Conjurations   | 6 |  6.5
Hexes          | 8 |  8.6
Summonings     | 8 |  8.0
Necromancy     | 7 |  7.1
Translocations | 6 |  6.5
Transmutations | 7 |  7.8
Fire Magic     | 7 |  7.1
Ice Magic      | 7 |  7.1
Air Magic      | 5 |  5.9
Earth Magic    | 8 |  8.6
Poison Magic   | 9 |  9.4
Invocations    | 9 |  9.6
Evocations     | 8 |  8.8
Shapeshifting  | 8 |  8.0

Action                     |  1- 3 |  4- 6 |  7- 9 | 10-12 | 13-15 | 16-18 | 19-21 || total
---------------------------+-------+-------+-------+-------+-------+-------+-------++-------
  Melee: Executioner's axe |     1 |       |       |     1 |     1 |     3 |     2 ||     8
 Armour: Leather armour    |       |       |       |     1 |       |     1 |     2 ||     4
  Dodge: Dodged            |       |       |       |       |     1 |     1 |       ||     2

Table legend: (Time is in decaauts)
 A = Elapsed time spent in this place.
 B = Non-inter-level travel time spent in this place.
 C = Inter-level travel time spent in this place.
 D = Time resting spent in this place.
 E = Time spent auto-exploring this place.
 F = Levels seen in this place.
 G = Mean time per level.
                   A        B        C        D        E       F      G
               +--------+--------+--------+--------+--------+-----+--------+
         Total |     20 |     20 |      0 |      0 |      0 |   1 |   20.0 |
       Dungeon |     20 |     20 |      0 |      0 |      0 |   1 |   20.0 |
               +--------+--------+--------+--------+--------+-----+--------+

Top non-repeatable levels by time:
       D: 20 daAuts
